 Dungeon Crawl Stone Soup version 0.20-a0-633-gff4aa5c (webtiles) character file.

21585 nikopol the Cleaver (level 12, -8/168 HPs)
             Began as a Minotaur Berserker on Feb 11, 2017.
             Was a High Priest of Trog.
             Mangled by a jumping spider (11 damage)
             ... on level 3 of the Lair of Beasts.
             The game lasted 00:30:36 (12286 turns).

nikopol the Cleaver (Minotaur Berserker)           Turns: 12286, Time: 00:30:38

Health: -8/168     AC: 10    Str: 35    XL:     12   Next: 55%
Magic:  11/11      EV: 16    Int:  6    God:    Trog [*****.]
Gold:   591        SH:  4    Dex:  9    Spells: 11/11 levels left

rFire    . . .     SeeInvis .   a - +9 war axe of Destiny {chop, rPois Str+7 Int+2 Dex-5}
rCold    . . .     Gourm    .   j - +0 ring mail
rNeg     + . .     Faith    .   (no shield)
rPois    +         Spirit   .   (helmet restricted)
rElec    .         Reflect  +   q - +0 cloak
rCorr    +         Harm     .   w - +0 pair of gloves
MR       .....                  (no boots)
Stlth    ..........             D - +4 amulet of reflection
Regen    0.4/turn               y - ring of positive energy
                                m - ring of resist corrosion

@: berserking, lethally poisoned (-8 -> -27), very quick
A: retaliatory headbutt, horns 2
a: Berserk, Trog's Hand, Brothers in Arms, Burn Spellbooks, Renounce Religion


You were on level 3 of the Lair of Beasts.
You worshipped Trog.
Trog was extremely pleased with you.
You were hungry.

You visited 2 branches of the dungeon, and saw 11 of its levels.

You collected 591 gold pieces.

Inventory:

Hand Weapons
 a - the +9 war axe of Destiny (weapon) {chop, rPois Str+7 Int+2 Dex-5}
   (You found it on level 8 of the Dungeon)

   It inflicts extra damage upon your enemies.
   It affects your strength (+7).
   It affects your intelligence (+2).
   It affects your dexterity (-5).
   It protects you from poison.
 x - a +0 hand axe
 z - a +3 longbow of velocity
 N - a +1 war axe
 R - a +0 shortbow
Missiles
 d - 116 arrows (quivered)
Armour
 b - a +0 animal skin
 g - a +0 pair of gloves
 j - a +0 ring mail (worn)
 q - a +0 cloak (worn)
 t - a +0 chain mail
 w - a +0 pair of gloves (worn)
Jewellery
 m - a ring of resist corrosion (left hand)
 y - a ring of positive energy (right hand)
 D - a +4 amulet of reflection (around neck)
 E - an uncursed ring of poison resistance {unknown}
 J - an uncursed ring of fire {unknown}
 Q - a cursed -2 ring of strength {unknown}
 S - a cursed ring of fire {unknown}
 W - a cursed ring of loudness {unknown}
Wands
 p - a wand of acid (2/15)
 r - a wand of polymorph (10/24)
 L - a wand of polymorph (10/24)
 O - a wand of lightning (15/15)
 V - a wand of enslavement (9/24)
Scrolls
 e - 6 scrolls of identify
 l - 2 scrolls of enchant weapon
 o - a scroll of recharging
 v - a scroll of teleportation {unknown}
 C - a scroll of immolation {unknown}
 F - 2 scrolls of noise {unknown}
 I - 4 scrolls of remove curse
 K - 3 scrolls of magic mapping {unknown}
 P - 2 scrolls of fog {unknown}
 X - a scroll of holy word {unknown}
Potions
 h - 2 potions of berserk rage
 i - 2 potions of heal wounds
 k - a potion of curing
 n - 2 potions of might
 s - 5 potions of brilliance
 B - 2 potions of ambrosia
 G - a potion of agility
 H - 4 potions of magic
 M - a potion of flight
 T - a potion of experience {unknown}
 Y - 2 potions of invisibility {unknown}
Comestibles
 c - 12 bread rations
 f - 9 meat rations
 u - 15 fruits
 A - 14 royal jellies
 U - 6 chunks of flesh


   Skills:
 + Level 12.1 Fighting
 * Level 13.1 Axes
 * Level 7.4 Bows
 + Level 11.7 Armour
 + Level 10.7 Dodging


You had 11 spell levels left.
You didn't know any spells.

Dungeon Overview and Level Annotations

Branches:
Dungeon (8/15)             Temple (0/1) D:6            Lair (3/6) D:8
 Spider (0/4) Lair:3
  Swamp: Lair:2-4    Shoals: Lair:2-4

Altars:
Ashenzari
Dithmenos
Kikubaaqudgha
Vehumet


Innate Abilities, Weirdness & Mutations

You reflexively headbutt those who attack you in melee.
You have a pair of horns on your head.


Message History

* * * LOW HITPOINT WARNING * * *
A red film seems to cover your vision as you go berserk!
You feel yourself moving faster!
You feel mighty!
You are feeling hungry.
The jumping spider leaps!
The jumping spider pounces on you.
* * * LOW HITPOINT WARNING * * *
You are even more entangled.
The jumping spider barely misses you. The redback bites you!
* * * LOW HITPOINT WARNING * * *
You are lethally poisoned!
The redback poisons you!
The web tears apart.
You feel a strong urge to attack something.
* * * LOW HITPOINT WARNING * * *
You feel sick. The jumping spider pounces on you.
* * * LOW HITPOINT WARNING * * *
The jumping spider barely misses you. The redback completely misses you.
You furiously retaliate!
You headbutt the redback! The jumping spider pounces on you!
You die...

..P## ###...### ##
......#.###.......# #(#
P..s............... #^#
#..................
##^##..................
.#((.≈..................
#..>.≈(.................
#...§s(.......†...P....
#(@...............#
##s..............P#
#.†............###
#.#..............#
##...............#
#................#
#..................
................%###
#........#(.....#.#


You could see 2 jumping spiders and a redback.

Vanquished Creatures
  2 hydras
  A death yak (D:7)
  2 two-headed ogres (D:8)
  Pikel (D:6)
  7 elephants
  4 spiny frogs
  A queen bee (Lair:2)
  A jumping spider (Lair:3)
  11 blink frogs
  Prince Ribbit (D:8)
  2 hippogriffs
  2 redbacks (Lair:3)
  A spriggan (D:8)
  22 yaks
  5 humans (D:8)
  2 basilisks
  A hungry ghost (D:7)
  3 water moccasins
  6 porcupines
  An orc warrior (D:6)
  2 slaves (D:6)
  A black bear (D:6)
  2 phantoms
  5 ogres
  A sky beast (D:8)
  14 wolves
  5 crocodiles
  7 bullfrogs
  A water moccasin zombie (D:6)
  A wyvern skeleton (D:6)
  2 scorpions
  23 killer bees (Lair:2)
  A howler monkey (D:6)
  2 crimson imps
  2 jellies
  4 hounds
  A gnoll shaman (D:4)
  2 orc priests
  Crazy Yiuf (D:6)
  4 orc wizards
  A centaur skeleton (D:6)
  2 iguanas
  5 worker ants
  A killer bee zombie (D:6)
  A hound zombie (D:5)
  3 worker ant zombies
  25 gnolls
  16 adders
  2 adder zombies
  An adder skeleton (D:8)
  3 worms
  3 dart slugs
  3 leopard geckos
  23 orcs
  2 ball pythons (D:2)
  5 giant cockroaches
  12 goblins
  13 hobgoblins
  4 jackals (D:2)
  4 quokkas
  5 bats
  10 frilled lizards
  9 kobolds
  A leopard gecko skeleton (D:8)
  A leopard gecko zombie (D:5)
  A quokka skeleton (D:5)
  8 rats
  2 fungi (Lair:2)
  3 plants
326 creatures vanquished.

Vanquished Creatures (collateral kills)
  A spiny frog (Lair:1)
  A blink frog (Lair:1)
2 creatures vanquished.

Vanquished Creatures (others)
  An orc priest (D:6)
  A quokka (D:6)
  2 fungi (Lair:2)
  A plant (Lair:2)
5 creatures vanquished.

Grand Total: 333 creatures vanquished

Notes
Turn   | Place    | Note
-------+----------+-------------------------------------------
     0 | D:1      | nikopol the Minotaur Berserker began the quest for the Orb.
     0 | D:1      | Reached XP level 1. HP: 19/19 MP: 0/0
   130 | D:1      | Reached XP level 2. HP: 27/27 MP: 1/1
   203 | D:1      | Reached skill level 4 in Axes
   847 | D:2      | Reached ** piety under Trog
   852 | D:2      | Reached XP level 3. HP: 32/33 MP: 2/2
  1216 | D:2      | Reached XP level 4. HP: 40/40 MP: 3/3
  1528 | D:3      | Reached XP level 5. HP: 45/47 MP: 4/4
  1810 | D:3      | Reached skill level 5 in Axes
  1835 | D:3      | Reached *** piety under Trog
  1866 | D:3      | Found a shattered altar of Ashenzari.
  2070 | D:4      | Reached skill level 5 in Fighting
  2127 | D:4      | Reached XP level 6. HP: 50/56 MP: 5/5
  2655 | D:4      | Reached skill level 5 in Armour
  2655 | D:4      | Reached XP level 7. HP: 62/62 MP: 6/6
  2910 | D:4      | Reached skill level 6 in Axes
  3058 | D:4      | Reached **** piety under Trog
  3073 | D:4      | Reached skill level 5 in Dodging
  3460 | D:5      | Entered Level 5 of the Dungeon
  3503 | D:5      | Found a shadowy altar of Dithmenos.
  4125 | D:5      | Found an ancient bone altar of Kikubaaqudgha.
  4165 | D:5      | Reached XP level 8. HP: 71/71 MP: 7/7
  4239 | D:6      | Found a staircase to the Ecumenical Temple.
  4253 | D:6      | Reached skill level 7 in Axes
  4537 | D:6      | Noticed Pikel
  4542 | D:6      | Killed Pikel
  4557 | D:6      | Reached skill level 8 in Axes
  5172 | D:6      | Reached XP level 9. HP: 75/81 MP: 8/8
  5303 | D:6      | Found a runed door.
  5307 | D:6      | Noticed Crazy Yiuf
  5313 | D:6      | Killed Crazy Yiuf
  6487 | D:8      | Got a dazzling war axe
  6496 | D:8      | Identified the +9 war axe of Destiny {chop, rPois Str+7 Int+2 Dex-5} (You found it on level 8 of the Dungeon)
  6616 | D:8      | Reached ***** piety under Trog
  6640 | D:8      | Noticed Prince Ribbit
  6652 | D:8      | Killed Prince Ribbit
  6848 | D:8      | Reached skill level 9 in Axes
  6887 | D:8      | Noticed a two-headed ogre
  6898 | D:8      | Killed a two-headed ogre
  6944 | D:8      | Found a staircase to the Lair.
  6944 | D:8      | Noticed an elephant
  6945 | D:8      | Noticed a death yak
  6945 | D:8      | Noticed a two-headed ogre
  6950 | D:8      | Killed an elephant
  6950 | D:8      | Reached XP level 10. HP: 58/91 MP: 9/9
  6969 | D:7      | Killed a death yak
  7146 | D:8      | Killed a two-headed ogre
  7146 | D:8      | Reached skill level 10 in Fighting
  7146 | D:8      | Reached skill level 10 in Axes
  7593 | D:8      | Reached skill level 10 in Armour
  8109 | Lair:1   | Entered Level 1 of the Lair of Beasts
  8171 | Lair:1   | Reached XP level 11. HP: 82/101 MP: 10/10
  8181 | Lair:1   | Received a gift from Trog
  8414 | Lair:1   | Reached skill level 11 in Axes
  8414 | Lair:1   | Reached skill level 1 in Bows
  8523 | Lair:1   | Noticed an eight-headed hydra
  8531 | Lair:1   | Killed a ten-headed hydra
  9907 | Lair:2   | Reached skill level 12 in Axes
  9913 | Lair:2   | Reached skill level 10 in Dodging
 10433 | Lair:2   | Reached skill level 5 in Bows
 10561 | Lair:2   | Noticed a six-headed hydra
 10572 | Lair:2   | Killed a ten-headed hydra
 10572 | Lair:2   | Reached XP level 12. HP: 51/110 MP: 11/11
 10600 | Lair:1   | HP: 3/110 [porcupine (7)]
 11157 | Lair:2   | Received a gift from Trog
 11792 | Lair:2   | Found a radiant altar of Vehumet.
 11814 | Lair:2   | Received a gift from Trog
 11814 | Lair:2   | Reached skill level 13 in Axes
 12267 | Lair:3   | Found a hole to the Spider Nest.
 12285 | Lair:3   | HP: 6/168 [redback (11)]
 12286 | Lair:3   | Mangled by a jumping spider

Vault maps used:
D:1:      shiori_shiawase, corexii_hall_statues_l
D:2:      first_bread, kennysheep_generic_room_15
D:3:      ashenzari_altar_1
D:4:      serial_bayou_lagoon_a
D:5:      nicolae_overflow_crystal_walls, lemuel_coloured_pillars_altar
D:6:      temple_statues, kennysheep_generic_room_5, uniq_pikel, uniq_sigmund,
          uniq_crazy_yiuf_cottage
D:7:      minmay_liquid_box
D:8:      corexii_shantytown, david_lair_generic, the_bakery, minmay_ruffians,
          uniq_prince_ribbit1
Lair:1:   grunt_megastairs_3, lemuel_fruit_tree
Lair:2:   basic_altar, special_room, serial_bayou_shore_b
Lair:3:   nicolae_spider_entry_tight_spaces, zaba_antful_of_joy,
          lemuel_fruit_fields

Skill      XL: |  1  2  3  4  5  6  7  8  9 10 11 12 |
---------------+-------------------------------------+-----
Axes           | 4 5 6 8 9 10 12 13 | 13.1
Armour         | 3 4 5 7 9 10 11 | 11.7
Fighting       | 4 5 6 8 9 10 11 12 | 12.1
Dodging        | 3 4 5 6 8 9 10 | 10.7
Bows           | 5 7 |  7.4

Action                   |  1- 3 |  4- 6 |  7- 9 | 10-12 || total
-------------------------+-------+-------+-------+-------++-------
Melee: Hand axe          |    76 |    27 |       |       ||   103
       Headbutt          |     7 |    15 |    44 |    54 ||   120
       War axe           |       |   110 |   255 |   269 ||   634
 Fire: Shortbow          |       |       |       |     3 ||     3
       Longbow           |       |       |       |   125 ||   125
Invok: Burn Spellbooks   |     1 |       |     1 |     1 ||     3
       Berserk           |       |     1 |     4 |     4 ||     9
       Trog's Hand       |       |       |       |     1 ||     1
       Brothers in Arms  |       |       |       |     1 ||     1
  Use: Scroll            |       |     5 |    11 |       ||    16
       Potion            |       |       |       |     1 ||     1
  Eat: Chunk             |     1 |     5 |    15 |    20 ||    41
       Bread ration      |       |       |     1 |       ||     1
       Fruit             |       |       |       |     1 ||     1
Armor: Animal skin       |     1 |       |       |       ||     1
       Ring mail         |    18 |    58 |    78 |    87 ||   241
Dodge: Dodged            |    40 |    89 |   172 |   251 ||   552
Block: Other             |       |       |     6 |    57 ||    63
       Reflection        |       |       |     1 |       ||     1
